 Dungeon Crawl Stone Soup version 0.18-a0-1789-gbeff17f (webtiles) character file.

21 M4edhros the Grave Robber (level 2, 0/17 HPs)
             Began as an Octopode Necromancer on Apr 21, 2016.
             Slain by a quokka zombie (4 damage)
             ... on level 4 of the Dungeon.
             The game lasted 00:02:44 (493 turns).

M4edhros the Grave Robber (Octopode Necromancer)     Turns: 493, Time: 00:02:45

Health: 0/17       AC:  1    Str:  7    XL:     2   Next: 83%
Magic:  5/5        EV: 12    Int: 17    God:
Gold:   57         SH:  0    Dex: 12    Spells: 1 memorised, 4 levels left

rFire  . . .     SeeInvis .     (no weapon)
rCold  . . .     Gourm    .     (no shield)
rNeg   . . .     Faith    .     (helmet restricted)
rPois  .         Spirit   .     (no amulet)
rElec  .         Dismiss  .     (no ring)
rCorr  .         Reflect  .     (no ring)
SustAt .         Harm     .     (no ring)
MR     .....                    (no ring)
Stlth  +++.......               (no ring)
                                (no ring)
                                (no ring)
                                (no ring)

@: not resistant to hostile enchantments, fairly stealthy
A: almost no armour, amphibious, 8 rings, constrict 8, camouflage 1, gelatinous
body 1
a: no special abilities


You were on level 4 of the Dungeon.
You were not hungry.

You visited 1 branch of the dungeon, and saw 4 of its levels.

You collected 57 gold pieces.

Inventory:

Hand Weapons
 e - a +0 hunting sling
Missiles
 f - 16 poisoned needles
 j - 36 stones (quivered)
Scrolls
 c - 4 scrolls of identify {unknown}
 d - a scroll of fog {unknown}
 h - a scroll of remove curse {unknown}
 i - a scroll of teleportation {unknown}
 k - a scroll of enchant armour {unknown}
Potions
 g - a potion of cure mutation {unknown}
 m - 2 potions of berserk rage {unknown}
Books
 a - a book of Necromancy

   Spells                             Type                      Level
   a - Pain                           Necromancy                   1
   b - Animate Skeleton               Necromancy                   1
   c - Vampiric Draining              Necromancy                   3
   d - Regeneration                   Charms/Necromancy            3
   e - Animate Dead                   Necromancy                   4
   f - Control Undead                 Necromancy                   4
Comestibles
 b - 2 bread rations
 l - 2 chunks of flesh


   Skills:
 + Level 2.2 Dodging
 + Level 2.9 Stealth
 + Level 2.2 Spellcasting
 + Level 4.4 Necromancy


You had 4 spell levels left.
You knew the following spells:

 Your Spells              Type           Power        Failure   Level  Hunger
a - Pain                  Necr           ###.         3%          1    #......


Dungeon Overview and Level Annotations

Branches:
Dungeon (3/15)

Altars:
Okawaru


Innate Abilities, Weirdness & Mutations

You cannot wear most types of armour.
You are amphibious.
You can wear up to eight rings at the same time.
You can use your tentacles to constrict eight enemies at once.
Your skin changes colour to match your surroundings (Stealth).
Your rubbery body absorbs attacks (AC +1).


Message History

You fall through a shaft for 2 floors!
The shaft crumbles and collapses.
Found a stone staircase leading up.
Found 13 gold pieces.
Found 2 green potions.
You now have 57 gold pieces (gained 13).
A quokka zombie comes into view.
Found 9 gold pieces.
Found 13 gold pieces.
You see here 2 green potions.
m - 2 green potions An ogre comes into view.
It is wielding a giant club.
The ogre shouts!
The quokka zombie bites you.
* * * LOW HITPOINT WARNING * * *
You tentacle-slap the quokka zombie. You grab the quokka zombie.
You constrict the quokka zombie. The quokka zombie closely misses you.
You tentacle-slap the quokka zombie. You constrict the quokka zombie.
The quokka zombie bites you.
You die...

## .. .# O#
#####Z######
##...@.......
#####...##.######
#.....#..$.#
#.###...#### #.#
##.## #.# #.# #.#
... #.# .<..
####.#.......


You could see an ogre and a quokka zombie.

Vanquished Creatures
  An adder (D:2)
  A giant gecko (D:1)
  3 goblins
  A hobgoblin (D:1)
  3 kobolds (D:1)
  A bat (D:1)
10 creatures vanquished.

Notes
Turn   | Place    | Note
--------------------------------------------------------------
     0 | D:1      | M4edhros the Octopode Necromancer began the quest for the Orb.
     0 | D:1      | Reached XP level 1. HP: 11/11 MP: 3/3
   258 | D:1      | Reached XP level 2. HP: 3/17 MP: 1/5
   409 | D:3      | Found an iron altar of Okawaru.
   466 | D:2      | You fall through a shaft for 2 floors!
   491 | D:4      | Noticed an ogre
   493 | D:4      | Slain by a quokka zombie

Vault maps used:
D:1:      dpeg_arrival_concentric_ovals, evilmike_ruin_ashenzari
D:2:      uniq_terence, uniq_iyjb
D:3:      lemuel_doored_altar, uniq_sigmund
D:4:      nicolae_tso_carved_into_rock

Action                   || total
-------------------------++-------
Melee: Unarmed           ||     7
       Tentacles         ||     1
       Constrict         ||     1
 Cast: Pain              ||    22
  Use: Potion            ||     4
Dodge: Dodged            ||     7
